 Dungeon Crawl Stone Soup version 0.30.1-9-gdf580d7c3d (webtiles) character file.

Game seed: 13956851706191508191

415 Peloso the Covered (level 6, -1/55 HPs)
             Began as a Minotaur Fighter on Oct 18, 2023.
             Slain by an iguana (6 damage)
             ... on level 4 of the Dungeon.
             The game lasted 00:05:21 (2849 turns).

Peloso the Covered (Minotaur Fighter)               Turns: 2849, Time: 00:05:22

Health: -1/55      AC: 12    Str: 20    XL:     6   Next: 60%
Magic:  5/5        EV:  8    Int:  5    God:
Gold:   227        SH:  5    Dex: 12    Spells: 5/5 levels left

rFire   . . .        a - +0 long sword
rCold   . . .        d - +0 buckler
rNeg    . . .        u - +0 chain mail
rPois   .            (helmet restricted)
rElec   .            p - +0 cloak
rCorr   .            c - +0 pair of gloves
SInv    .            (no boots)
Will    .....        (no amulet) Stlth
                     (no ring)
HPRegen 0.29/turn    (no ring)
MPRegen 0.09/turn

%: no passive effects
@: no status effects
A: horns 2, retaliatory headbutt
a: no special abilities


You were on level 4 of the Dungeon.
You visited 1 branch of the dungeon, and saw 5 of its levels.

You collected 227 gold pieces.

Inventory:

Hand Weapons
 a - a +0 long sword (weapon)
Armour
 b - a +0 scale mail
 c - a +0 pair of gloves (worn)
 d - a +0 buckler (worn)
 p - a +0 cloak (worn)
 u - a +0 chain mail (worn)
Jewellery
 t - a +6 ring of intelligence
 x - a ring of flight
Wands
 m - a wand of mindburst (17)
 y - a wand of flame (21)
Scrolls
 f - 2 scrolls of noise {unknown}
 g - 2 scrolls of magic mapping {unknown}
 i - 2 scrolls of enchant weapon {unknown}
 j - 2 scrolls of poison {unknown}
 k - 2 scrolls of teleportation
 l - 3 scrolls of amnesia {unknown}
 o - 2 scrolls of immolation {unknown}
 w - 3 scrolls of identify
Potions
 e - a potion of berserk rage
 h - a potion of might
 n - 3 potions of curing
 q - a potion of heal wounds
 r - 3 potions of brilliance
 s - a potion of resistance
 v - a potion of flight {unknown}
 z - a potion of haste {unknown}
 A - a potion of invisibility {unknown}


   Skills:
 + Level 4.9 Fighting
 + Level 5.2 Long Blades
 + Level 5.4 Armour
 + Level 1.1 Dodging
 + Level 0.1 Stealth
 + Level 5.2 Shields


You had 5 spell levels left.
You didn't know any spells.
Your spell library contained the following spells:

 Spells                   Type           Power      Damage    Failure   Level
 Kiss of Death            Conj/Necr      0%         2d5       99%         1
 Slow                     Hex            0%         N/A       99%         1
 Sublimation of Blood     Necr           0%         N/A       100%        2
 Wereblood                Tmut           0%         N/A       100%        2
 Confusing Touch          Hex            0%         N/A       100%        3
 Vampiric Draining        Necr           0%         2d6       100%        3
 Dispel Undead            Necr           0%         3d6       100%        4
 Summon Hydra             Summ           0%         N/A       100%        7


Dungeon Overview and Level Annotations

Branches:
Dungeon (5/15)
 Temple: D:4-7

Altars:
Elyvilon
Nemelex Xobeh
Wu Jian

Shops:
D:1 (


Innate Abilities, Weirdness & Mutations

You have a pair of horns on your head.
You reflexively headbutt those who attack you in melee.


Message History

You hit the sleepcap but do no damage.
The sleepcap releases spores at you but does no damage.
The iguana bites you.
You slash the sleepcap!
The sleepcap is heavily damaged.
The sleepcap barely misses you.
The iguana bites you but does no damage.
You block the sleepcap's attack. The iguana bites you.
* * * LOW HITPOINT WARNING * * *
You hit the sleepcap but do no damage. You headbutt the sleepcap.
The sleepcap is heavily damaged.
You block the sleepcap's attack. The iguana closely misses you.
The sleepcap completely misses you. You furiously retaliate!
You headbutt the sleepcap!
You destroy the sleepcap!
The iguana closely misses you. The iguana attacks as you move away!
The iguana closely misses you. You furiously retaliate!
You headbutt the iguana.
Things that are here:
an iguana corpse; a black bear corpse You hit the iguana but do no damage.
The iguana is lightly wounded.
The iguana barely misses you.
You hit the iguana.
You headbutt the iguana, but do no damage.
The iguana is moderately wounded.
The iguana barely misses you.
You hit the iguana. Your headbutt misses the iguana.
The iguana is heavily wounded.
The iguana bites you!
* * * LOW HITPOINT WARNING * * *
You completely miss the iguana.
The iguana is heavily wounded.
The iguana bites you.
* * * LOW HITPOINT WARNING * * *
You barely miss the iguana. You headbutt the iguana.
The iguana is severely wounded.
The iguana bites you but does no damage.
The iguana bites you.
You die...

#..### ##........#..# #....#
#.........#..#
##.#.####>#########..#####
#.#.#....# #........#
#.#...#### #........#
#.##....### #....<..>#
##.###.#...### #........#
........##...####l.......#
##.##.#..###)#..@#########
#.##.##.###.#...#
#.##.##.........#
#....######.....###########
##..####.....#.............##
......#..###................##
........## ##.#..............#
......### #.#..............#
......# #.#..............#


You could see an iguana.

Vanquished Creatures
  A black bear (D:4)
  A hound (D:4)
  An orc priest (D:4)
  2 iguanas (D:4)
  2 sleepcaps
  7 adders
  An ufetubus (D:4)
  2 worms
  11 orcs
  5 bats
  5 endoplasms
  10 goblins
  5 hobgoblins
  4 jackals (D:1)
  4 ball pythons
  5 frilled lizards
  7 kobolds
  8 rats
81 creatures vanquished.

Notes
Turn   | Place    | Note
-------+----------+-------------------------------------------
     0 | D:1      | Peloso the Minotaur Fighter began the quest for the Orb.
     0 | D:1      | Reached XP level 1. HP: 19/19 MP: 0/0
   305 | D:1      | Reached XP level 2. HP: 27/27 MP: 1/1
   582 | D:1      | Found Kohuske's Antique Weapon Emporium.
   645 | D:1      | Found a faded altar of an unknown god.
   774 | D:2      | Reached XP level 3. HP: 30/33 MP: 2/2
  1304 | D:2      | Reached XP level 4. HP: 39/40 MP: 3/3
  1727 | D:3      | Found a sparkling altar of Nemelex Xobeh.
  1913 | D:3      | Reached XP level 5. HP: 47/47 MP: 4/4
  2131 | D:4      | Found a white marble altar of Elyvilon.
  2334 | D:4      | Reached skill level 5 in Shields
  2460 | D:4      | Reached skill level 5 in Armour
  2508 | D:4      | Found an ornate altar of the Wu Jian Council.
  2693 | D:4      | Reached XP level 6. HP: 53/53 MP: 5/5
  2809 | D:5      | Entered Level 5 of the Dungeon
  2834 | D:4      | Reached skill level 5 in Long Blades
  2834 | D:4      | Reached skill level 1 in Dodging
  2849 | D:4      | Slain by an iguana

Illustrated notes

Levels and vault maps discovered:
D:1:      roderic_octagonal_star, layout_loops_ring,
          ebering_ecumenical_altar_hall, serial_shops, shop_statue
D:2:      layout_basic, minivault_5
D:3:      layout_rooms, mainiacjoe_overflow_alcove_2, hangedman_feature_mirror,
          st_stairs_13, kennysheep_generic_room_14
D:4:      layout_rooms, mainiacjoe_overflow_concentric_impassable,
          elyvilon_altar_3
D:5:      minmay_skewed_foursquare, layout_basic, mainiacjoe_overflow_boulevard,
          yredelemnul_altar_generic, serial_shops, shop

Skill      XL: |  1  2  3  4  5  6 |
---------------+-------------------+-----
Armour         | 4 5 |  5.4
Shields        | 4 5 |  5.2
Fighting       | 4 |  4.9
Long Blades    | 3 4 5 |  5.2
Dodging        | 1 |  1.1
Stealth        | |  0.1

Action                     |  1- 3 |  4- 6 || total
---------------------------+-------+-------++-------
  Melee: Long sword        |    87 |   141 ||   228
         Headbutt          |     9 |    28 ||    37
    Use: Potion            |     2 |     1 ||     3
         Scroll            |     1 |     3 ||     4
 Armour: Scale mail        |    58 |    39 ||    97
         Chain mail        |       |    76 ||    76
  Dodge: Dodged            |    58 |    76 ||   134
  Block: Buckler           |    31 |    51 ||    82
